 Dungeon Crawl Stone Soup version 0.29.0-7-g18a832c13a (webtiles) character file.

Game seed: 8012551379547835159

35051 Conn the Arsonist (level 13, -13/74 HPs)
             Began as an Octopode Fire Elementalist on Aug 28, 2022.
             Was a Priest of Sif Muna.
             Mangled by a catoblepas (15 damage)
             ... while petrified by a catoblepas
             ... on level 4 of the Lair of Beasts on Aug 30, 2022.
             The game lasted 01:04:07 (15154 turns).

Conn the Arsonist (Octopode Fire Elementalist)     Turns: 15154, Time: 01:04:08

Health: -13/74     AC:  1    Str:  7    XL:     13   Next: 81%
Magic:  28/28      EV:  2    Int: 22    God:    Sif Muna [***...]
Gold:   1135       SH:  0    Dex: 15    Spells: 7/34 levels left

rFire   + + .      SeeInvis .   P - +9 dagger of Puddawno {elec, Dex+2}
rCold   + . .      Faith    .   (no shield)
rNeg    + + +      Spirit   .   (helmet restricted)
rPois   ∞          Reflect  .   h - amulet of magic regeneration
rElec   .          Harm     .   q - ring of fire
rCorr   .          Rampage  .   v - ring of wizardry
Will    .....                   n - ring of protection from cold
Stlth   +++++.....              u - ring of protection from cold
HPRegen 0.22/turn               L - ring of wizardry
MPRegen 0.61/turn               z - ring of protection from fire
                                (no ring)
                                (no ring)

@: petrified
A: almost no armour, amphibious, 8 rings, camouflage 1, gelatinous body 1,
(nimble swimmer 1), tentacles, poison resistance
a: Renounce Religion, Channel Magic, Forget Spell


You were on level 4 of the Lair of Beasts.
You worshipped Sif Muna.
Sif Muna was most pleased with you.
You visited 3 branches of the dungeon, and saw 15 of its levels.

You collected 1135 gold pieces.

Inventory:

Hand Weapons
 a - a +5 dagger of electrocution
 b - a +4 sling
 y - the +4 short sword "Newt's Peril" {freeze, *Slow rPois Dex+4}
   (You found it on level 6 of the Dungeon)

   It freezes those it strikes, dealing additional cold damage.
   It can also slow down cold-blooded creatures.
   Dex:       It affects your dexterity (+4).
   rPois:     It protects you from poison.
   *Slow:     It may slow you when you take damage.
 C - the +3 dagger "Xiask" {spect, Dex+5}
   (You found it on level 7 of the Dungeon)

   When its wielder attacks, the weapon's spirit leaps out and strikes again.
   The spirit shares a part of any damage it takes with its wielder.
   Dex:       It affects your dexterity (+5).
 P - the +9 dagger of Puddawno (weapon) {elec, Dex+2}
   (You found it on level 4 of the Lair of Beasts)

   It occasionally discharges a powerful burst of electricity upon striking a
   foe.
   Dex:       It affects your dexterity (+2).
Armour
 F - an orb of wrath
Jewellery
 h - an amulet of magic regeneration (around mantle)
 n - a ring of protection from cold (on tentacle)
 q - a ring of fire (left tentacle)
 u - a ring of protection from cold (on tentacle)
 v - a ring of wizardry (right tentacle)
 z - a ring of protection from fire (on tentacle)
 L - a ring of wizardry (on tentacle)
Wands
 f - a wand of iceblast (7)
 j - a wand of paralysis (8)
 p - a wand of flame (17)
 B - a wand of mindburst (6)
 D - a wand of light (4)
 G - a wand of digging (8)
 N - a wand of polymorph (3)
Scrolls
 e - 2 scrolls of blinking
 g - a scroll of immolation
 k - 3 scrolls of magic mapping
 s - a scroll of summoning
 I - a scroll of enchant armour {unknown}
 J - 2 scrolls of butterflies
 K - 2 scrolls of enchant weapon
 O - a scroll of poison {unknown}
Potions
 c - 2 potions of berserk rage
 d - a potion of resistance
 i - 3 potions of magic
 l - 2 potions of flight
 m - a potion of brilliance
 o - 6 potions of might
 r - 3 potions of ambrosia
 t - 6 potions of curing
 w - 2 potions of mutation
 x - 2 potions of cancellation
 A - a potion of lignification
 E - a potion of invisibility
 M - a potion of haste


   Skills:
 + Level 1.7 Fighting
 + Level 1.6 Short Blades
 + Level 4.2 Dodging
 + Level 7.4 Stealth
 + Level 11.2 Spellcasting
 * Level 9.3 Conjurations
 + Level 3.0 Hexes
 + Level 1.8 Summonings
 + Level 12.0 Fire Magic
 + Level 0.2 Ice Magic
 * Level 11.5 Invocations
 + Level 0.1 Evocations


You had 7 spell levels left.
You knew the following spells:

 Your Spells              Type           Power      Damage    Failure   Level
a - Foxfire               Conj/Fire      100%       2x1d9     1%          1
b - Conjure Flame         Conj/Fire      73%        6-21      1%          3
c - Inner Flame           Hex/Fire       62%        N/A       1%          3
d - Flame Wave            Conj/Fire      73%        2d16      1%          4
e - Scorch                Fire           100%       2d10      1%          2
f - Sticky Flame          Conj/Fire      73%        2d9       1%          4
g - Summon Guardian Gole  Hex/Summ       23%        N/A       1%          3
h - Hailstorm             Conj/Ice       33%        3d8       2%          4
i - Stone Arrow           Conj/Erth      64%        3d11      1%          3

Your spell library contained the following spells:

 Spells                   Type           Power      Damage    Failure   Level
 Apportation              Tloc           24%        N/A       1%          1
 Necrotise                Necr           48%        1d6       1%          1
 Sandblast                Erth           24%        2d8       1%          1
 Summon Small Mammal      Summ           80%        N/A       1%          1
 Ignite Poison            Fire/Tmut/Pois 45%        N/A       1%          3
 Fireball                 Conj/Fire      36%        3d15      1%          5
 Iskenderun's Battlesphe  Conj           52%        2d10      1%          5
 Passwall                 Tmut/Erth      10%        N/A       2%          2
 Call Canine Familiar     Summ           20%        N/A       2%          3
 Ozocubu's Armour         Ice            13%        N/A       4%          3
 Ice Form                 Ice/Tmut       13%        N/A       13%         4
 Animate Dead             Necr           12%        N/A       14%         4
 Corpse Rot               Necr/Pois/Air  12%        N/A       14%         4
 Metabolic Englaciation   Hex/Ice        9%         N/A       19%         5
 Orb of Destruction       Conj           26%        9d9       24%         7
 Conjure Ball Lightning   Conj/Air       16%        3x3d6     30%         6
 Agony                    Necr           12%        N/A       36%         5
 Borgnjor's Vile Clutch   Necr/Erth      6%         N/A       36%         5
 Spellforged Servitor     Conj/Summ      18%        N/A       71%         7
 Simulacrum               Ice/Necr       6%         N/A       86%         6
 Death Channel            Necr           6%         N/A       87%         6
 Ozocubu's Refrigeration  Ice            6%         4d8       100%        7


Dungeon Overview and Level Annotations

Branches:
Dungeon (9/15)             Temple (1/1) D:6            Lair (5/5) D:9
  Swamp (0/4) Lair:2        Snake (0/4) Lair:3        Slime (0/5) Lair:4
    Orc (0/2) D:9

Altars:
Ashenzari
Cheibriados
Dithmenos
Elyvilon
Fedhas
Gozag
Hepliaklqana
Kikubaaqudgha
Makhleb
Nemelex Xobeh
Okawaru
Qazlal
Ru
Sif Muna
Trog
Uskayaw
Vehumet
Wu Jian
Xom
Yredelemnul
Zin
Jiyva

Annotations:
D:9 3 transporters


Innate Abilities, Weirdness & Mutations

You cannot wear most types of armour.
You are amphibious.
You can wear up to eight rings at the same time.
Your skin changes colour to match your surroundings (Stealth+).
Your rubbery body absorbs attacks. (AC +1, EV +1)
((You are camouflaged when in or above water. (Stealth+)))
You have tentacles for arms and can constrict up to eight enemies at once.
Your system is resistant to poisons. (rPois)


Message History

The catoblepas breathes a plume of calcifying dust at you.
The blast of calcifying dust hits you!
You are engulfed in calcifying dust.
The catoblepas breathes a plume of calcifying dust at you.
The blast of calcifying dust hits you!
You are engulfed in calcifying dust.
The catoblepas breathes a plume of calcifying dust at you.
The blast of calcifying dust hits you.
You are engulfed in calcifying dust.
The catoblepas breathes a plume of calcifying dust at you.
The blast of calcifying dust hits you.
You are engulfed in calcifying dust.
The catoblepas gores you! The catoblepas gores you.
The catoblepas's inner flame fades away.
The catoblepas gores you!
* * * LOW HITPOINT WARNING * * *
You turn to flesh and can move again.
Casting: Scorch (safe; 1% risk of failure)
Confirm with . or Enter, or press ? or * to list all spells.
Okay, then.
Unknown command.
Unknown command.
You feel much better.
The catoblepas breathes a plume of calcifying dust at you.
The blast of calcifying dust hits you.
You are engulfed in calcifying dust.
You are slowing down.
The catoblepas gores you!!
* * * LOW HITPOINT WARNING * * *
You climb upwards.
You have turned to stone.
The catoblepas barely misses you. The catoblepas gores you!!
* * * LOW HITPOINT WARNING * * *
The catoblepas gores you.
* * * LOW HITPOINT WARNING * * *
The catoblepas breathes a plume of calcifying dust at you.
The blast of calcifying dust hits you!
* * * LOW HITPOINT WARNING * * *
You are engulfed in calcifying dust.
The catoblepas gores you!!
You die...

......#....P......#.....#####
.....##..............##..##.#
.....##.....................##
#...###......................####
....##P...###...####............#
..........###...# ##..##.........
..........##....###...#.........#
##..###...##.....###.###..#......
.....##.......§§@Y#...P....P.....
..................#...........^.#
...........................#....P
.......#.#................##....#
.......###...........##P..##....#
.....### #........P##.####.####.#
...### ###.....###### ### ##.
..## ###..#.# ## #.# ######


You could see a catoblepas.

Vanquished Creatures
  Nessos (Lair:4)
  2 hydras (Lair:3)
  A catoblepas (Lair:1)
  2 two-headed ogres
  2 death yaks (Lair:2)
  A lindwurm (Lair:4)
  2 bog bodies (Lair:2)
  5 elephants (Lair:2)
  2 black mambas (Lair:5)
  Joseph (D:7)
  6 cane toads
  Maggie (D:7)
  2 torpor snails
  Psyche (D:8)
  A kobold demonologist (D:9)
  3 komodo dragons
  A rime drake (Lair:1)
  2 trolls
  8 blink frogs
  3 polar bears
  A tyrant leech (Lair:2)
  Grinder (D:5)
  A hornet (Lair:4)
  2 dream sheep (Lair:1)
  Sigmund (D:2)
  15 yaks
  A wyvern (Lair:3)
  A wraith (D:8)
  A basilisk (Lair:3)
  2 steam dragons
  3 vampire mosquitoes (D:9)
  Menkaure (D:7)
  A naga (Lair:3)
  5 swamp worms (Lair:2)
  7 water moccasins
  A swamp drake (D:9)
  Duvessa (D:7)
  2 ice beasts
  5 orc warriors
  A sky beast (D:8)
  2 ogres
  10 wolves
  4 centaurs
  A phantom (D:6)
  A gnoll sergeant (D:9)
  8 bullfrogs
  A kobold brigand (D:6)
  2 necrophages (D:7)
  3 scorpions
  4 wights (D:8)
  Dowan (D:7)
  A howler monkey (D:5)
  An electric eel (Lair:2)
  5 hounds
  A gnoll bouda (D:6)
  3 jellies
  7 orc priests
  2 iguanas (D:6)
  7 hell rats (Lair:5)
  6 orc wizards
  Robin (D:2)
  12 gnolls
  7 adders
  A shadow imp (D:7)
  An ufetubus (D:5)
  5 dart slugs
  24 orcs
  5 endoplasms
  3 giant cockroaches
  13 goblins
  4 hobgoblins
  2 jackals (D:4)
  4 quokkas
  5 ball pythons
  9 bats
  4 frilled lizards (D:1)
  27 kobolds
  7 rats
304 creatures vanquished.

Vanquished Creatures (collateral kills)
  A water moccasin (D:6)
  An ufetubus (D:6)
  3 foxfires
5 creatures vanquished.

Vanquished Creatures (others)
  A cane toad (Lair:1)
  A naga (Lair:3)
  2 wights (D:8)
  764 foxfires
  16 fungi
  99 plants
883 creatures vanquished.

Grand Total: 1192 creatures vanquished

Notes
Turn   | Place    | Note
-------+----------+-------------------------------------------
     0 | D:1      | Conn the Octopode Fire Elementalist began the quest for the
                  | Orb.
     0 | D:1      | Reached XP level 1. HP: 11/11 MP: 3/3
   174 | D:1      | Reached XP level 2. HP: 17/17 MP: 5/5
   188 | D:1      | Learned a level 2 spell: Scorch
  1079 | D:2      | Reached XP level 3. HP: 16/21 MP: 3/6
  1171 | D:2      | Found a faded altar of an unknown god.
  1513 | D:2      | Noticed Robin
  1533 | D:2      | Killed Robin
  1534 | D:2      | Reached XP level 4. HP: 27/27 MP: 2/7
  1698 | D:2      | Noticed Sigmund
  1706 | D:2      | Killed Sigmund
  1707 | D:2      | Reached skill level 4 in Fire Magic
  1707 | D:2      | Reached XP level 5. HP: 30/32 MP: 2/10
  1707 | D:2      | Reached XP level 6. HP: 35/37 MP: 2/11
  1973 | D:3      | Learned a level 3 spell: Conjure Flame
  1977 | D:3      | Learned a level 3 spell: Inner Flame
  2900 | D:4      | Got the Discourse on Putrescence and the Dead
  3187 | D:4      | Reached XP level 7. HP: 42/42 MP: 12/12
  3373 | D:5      | Entered Level 5 of the Dungeon
  3373 | D:5      | Noticed Grinder
  3437 | D:5      | Killed Grinder
  3438 | D:5      | Reached skill level 1 in Short Blades
  3438 | D:5      | Reached skill level 5 in Stealth
  3438 | D:5      | Reached skill level 5 in Fire Magic
  3658 | D:5      | Reached XP level 8. HP: 47/47 MP: 8/14
  3699 | D:5      | Reached skill level 5 in Spellcasting
  3707 | D:5      | Reached skill level 6 in Fire Magic
  3804 | D:5      | You fall into a shaft and drop 1 floor!
  3981 | D:5      | Found a burning altar of Makhleb.
  3981 | D:5      | Noticed a balrug
  3987 | D:5      | Noticed a ynoxinul
  4241 | D:6      | Noticed a troll
  4256 | D:6      | Killed a troll
  4257 | D:6      | Reached skill level 1 in Fighting
  4257 | D:6      | Reached skill level 5 in Conjurations
  4260 | D:6      | Reached XP level 9. HP: 39/53 MP: 4/18
  4383 | D:6      | Found a staircase to the Ecumenical Temple.
  4394 | Temple   | Entered the Ecumenical Temple
  4784 | D:6      | Reached skill level 7 in Fire Magic
  4893 | D:6      | Identified the +4 short sword "Newt's Peril" {freeze, *Slow
                  | rPois Dex+4}
  4988 | D:6      | Learned a level 4 spell: Flame Wave
  4993 | D:6      | Learned a level 4 spell: Sticky Flame
  4997 | D:6      | Learned a level 3 spell: Summon Guardian Golem
  5033 | D:6      | Reached skill level 1 in Hexes
  5142 | D:6      | Found an ornate altar of the Wu Jian Council.
  5142 | D:6      | Found an iron altar of Okawaru.
  5142 | D:6      | Found a shadowy altar of Dithmenos.
  5143 | D:6      | Found a sparkling altar of Nemelex Xobeh.
  5543 | D:6      | Upgraded the game from 0.29.0-5-ge4962eb29e to
                  | 0.29.0-7-g18a832c13a
  5831 | D:7      | Identified the +3 dagger "Xiask" {spect, Dex+5}
  5834 | D:7      | Noticed Joseph
  5853 | D:7      | Killed Joseph
  6120 | D:7      | Noticed Maggie
  6126 | D:7      | Killed Maggie
  6127 | D:7      | Reached skill level 8 in Fire Magic
  6141 | D:7      | Reached XP level 10. HP: 27/58 MP: 8/21
  6366 | D:7      | Noticed Menkaure
  6371 | D:7      | Killed Menkaure
  6403 | D:7      | Noticed Duvessa
  6403 | D:7      | Noticed Dowan
  6410 | D:7      | Killed Duvessa
  6413 | D:7      | Killed Dowan
  6435 | D:7      | Found a basalt altar of Yredelemnul.
  6580 | D:7      | Found a white marble altar of Elyvilon.
  6983 | D:7      | Learned a level 4 spell: Hailstorm
  7030 | D:8      | Noticed a two-headed ogre
  7060 | D:8      | Killed a two-headed ogre
  7061 | D:8      | Reached skill level 1 in Summonings
  7182 | D:8      | Noticed Psyche
  7190 | D:8      | Killed Psyche
  7191 | D:8      | Reached skill level 9 in Fire Magic
  7315 | D:8      | Found a shimmering blue altar of Sif Muna.
  7323 | D:8      | Became a worshipper of Sif Muna the Loreminder
  7564 | D:9      | Noticed a two-headed ogre
  7582 | D:9      | Found a staircase to the Lair.
  7621 | D:9      | Reached skill level 1 in Invocations
  7745 | D:9      | Noticed a kobold demonologist
  7746 | D:9      | HP: 2/58 [kobold demonologist/iceblast (8)]
  7793 | D:9      | Found a transporter.
  7796 | D:9      | Found a transporter.
  7797 | D:9      | Found a transporter.
  7798 | D:9      | Found a transporter.
  8081 | D:9      | Killed a kobold demonologist
  8196 | D:9      | Killed a two-headed ogre
  8197 | D:9      | Reached XP level 11. HP: 63/63 MP: 16/24
  8215 | D:9      | Found a snail-covered altar of Cheibriados.
  8381 | D:9      | Reached * piety under Sif Muna
  8550 | D:9      | Found a staircase to the Orcish Mines.
  8633 | D:9      | Found an opulent altar of Gozag.
  8839 | D:9      | Gained mutation: Your flesh is cold resistant. (rC+)
                  | [potion of mutation]
  8839 | D:9      | Lost mutation: Your flesh is cold resistant. (rC+) [potion
                  | of mutation]
  8839 | D:9      | Gained mutation: Your system is resistant to poisons.
                  | (rPois) [potion of mutation]
  8931 | Lair:1   | Entered Level 1 of the Lair of Beasts
  9121 | Lair:1   | Learned a level 3 spell: Stone Arrow
  9204 | Lair:1   | Reached skill level 10 in Fire Magic
  9652 | Lair:1   | Noticed a catoblepas
  9672 | Lair:1   | Killed a catoblepas
  9740 | Lair:1   | You fall into a shaft and drop 1 floor!
  9835 | Lair:1   | Reached skill level 10 in Invocations
  9835 | Lair:1   | Reached XP level 12. HP: 69/69 MP: 25/25
 10743 | Lair:2   | Reached skill level 10 in Spellcasting
 11061 | Lair:2   | Reached ** piety under Sif Muna
 11065 | Lair:2   | Reached XP level 13. HP: 37/73 MP: 22/27
 11385 | Lair:2   | Reached skill level 11 in Fire Magic
 12534 | Lair:2   | Found a staircase to the Swamp.
 12939 | Lair:3   | Found a staircase to the Snake Pit.
 13010 | Lair:3   | Found a snail-covered altar of Cheibriados.
 13561 | Lair:4   | Noticed Nessos
 13578 | Lair:4   | Killed Nessos
 13869 | Lair:4   | Found a viscous altar of Jiyva.
 13869 | Lair:4   | Found a staircase to the Slime Pits.
 14326 | Lair:4   | Identified the +9 dagger of Puddawno {elec, Dex+2}
 14878 | Lair:5   | Entered Level 5 of the Lair of Beasts
 14896 | Lair:5   | Reached *** piety under Sif Muna
 15109 | Lair:5   | Reached skill level 12 in Fire Magic
 15153 | Lair:4   | HP: 1/74 [catoblepas/blast of calcifying dust (4)]
 15154 | Lair:4   | Mangled by a catoblepas

Illustrated notes

Levels and vault maps discovered:
D:1:      dpeg_arrival_another_circle, layout_loops_ring
D:2:      kb_forest_paths, layout_basic, shapermc_ecumenical_altar_mp_highgroup,
          minmay_pentomino_w4, uniq_robin, uniq_sigmund
D:3:      layout_loops_ring
D:4:      layout_basic
D:5:      layout_cave_pools, makhleb_altar_promises_db, uniq_grinder
D:6:      kennysheep_kobold_camp, layout_loops_ring,
          chequers_temple_overflow_statue_of_worship, temple_statues
D:7:      layout_basic, kennysheep_ying_yang, kennysheep_small_square,
          uniq_maggie, uniq_joseph, uniq_duvessa, uniq_menkaure
D:8:      layout_cave_pools, mainiacjoe_overflow_cross_hatched, uniq_psyche
D:9:      layout_rooms, kennysheep_little_box, old_standard_altar,
          lair_entry_dummy, erik_orc_1, nicolae_diode_quadrants
Temple:   grunt_temple_mini_profane
Lair:1:   layout_small_grid, minivault_27, serial_bayou_shore_b,
          grunt_megastairs_2, serial_bayou_shore_a, infiniplex_staircase_pool_2
Lair:2:   layout_cave_pods, nicolae_swamp_entry_splash_gauntlet, worms_lemuel
Lair:3:   layout_hall_layers, guppyfry_snake_entry_garden, basic_altar,
          lemuel_fruit_fields, lemuel_fruit_tree
Lair:4:   layout_gridlike, slime_entry_1, uniq_nessos
Lair:5:   evilmike_catoblepas_cave, layout_regular_city

Skill      XL: |  1  2  3  4  5  6  7  8  9 10 11 12 13 |
---------------+----------------------------------------+-----
Stealth        | 3 4 5 6 7 |  7.4
Spellcasting   | 3 4 6 7 9 10 11 | 11.2
Fire Magic     | 4 5 6 8 9 10 12 | 12.0
Conjurations   | 2 3 5 7 8 9 |  9.3
Short Blades   | 1 |  1.6
Dodging        | 3 4 |  4.2
Fighting       | 1 |  1.7
Hexes          | 1 2 3 |  3.0
Summonings     | 1 |  1.8
Invocations    | 3 10 11 | 11.5
Ice Magic      | |  0.2
Evocations     | |  0.1

Action                   |  1- 3 |  4- 6 |  7- 9 | 10-12 | 13-15 || total
-------------------------+-------+-------+-------+-------+-------++-------
Melee: Dagger            |    39 |    21 |     9 |    10 |     5 ||    84
       Constrict         |     7 |     5 |     6 |     3 |     1 ||    22
       Tentacles         |     3 |     4 |     6 |     9 |     2 ||    24
       Punch             |       |       |     1 |     1 |       ||     2
       Short sword       |       |       |    10 |    11 |       ||    21
Throw: Throwing net      |       |       |       |     1 |       ||     1
 Cast: Foxfire           |    26 |    56 |    87 |   168 |   109 ||   446
       Scorch            |     8 |     7 |    30 |    65 |    47 ||   157
       Inner Flame       |       |     2 |     8 |    19 |    13 ||    42
       Conjure Flame     |       |     1 |     4 |     1 |     2 ||     8
       Summon Guardian G |       |       |     3 |     7 |     3 ||    13
       Sticky Flame      |       |       |     3 |     3 |     1 ||     7
       Flame Wave        |       |       |     1 |    11 |    18 ||    30
       Hailstorm         |       |       |       |     4 |     1 ||     5
Evoke: Wand              |       |       |       |       |     2 ||     2
  Use: Potion            |     2 |       |       |     9 |     3 ||    14
       Scroll            |       |     8 |     4 |     9 |     2 ||    23
 Stab: Sleeping          |     8 |     6 |     5 |     3 |     2 ||    24
       Distracted        |       |       |       |     1 |     1 ||     2
Armor: Skin              |     3 |     1 |     2 |       |     3 ||     9
Dodge: Dodged            |    22 |    10 |    39 |    44 |    47 ||   162
